 Dungeon Crawl Stone Soup version 0.30-a0-222-ge547ba4400 (webtiles) character file.

Game seed: 18123558089380512571

1021 timneilson the Covered (level 8, 0/48 HPs)
             Began as a Gargoyle Fighter on Oct 8, 2022.
             Was a Follower of Qazlal.
             Killed by divine providence
             ... invoked by an orc priest
              (14 damage)
             ... on level 5 of the Dungeon.
             The game lasted 00:07:58 (4403 turns).

timneilson the Covered (Gargoyle Fighter)           Turns: 4403, Time: 00:07:58

Health: 0/48       AC: 18    Str: 29    XL:     8   Next: 22%
Magic:  9/9        EV:  9    Int:  8    God:    Qazlal [*.....]
Gold:   328        SH:  0    Dex:  9    Spells: 7/7 levels left

rFire   . . .      SeeInvis .    n - +0 scimitar
rCold   . . .      Faith    .    c - +1 buckler
rNeg    + . .      Spirit   .    e - +0 chain mail
rPois   ∞          Reflect  .    q - +0 helmet
rElec   +          Harm     .    (no cloak)
rCorr   .          Rampage  .    u - +0 pair of gloves
Will    .....                    (no boots)
Stlth   ..........               (no amulet)
HPRegen 0.28/turn                s - +6 ring of strength
MPRegen 0.11/turn                (no ring)

@: confused, ambrosia-drunk
A: sickness immunity, AC +5, negative energy resistance 1, electricity
resistance, torment resistance 1, petrification resistance
a: Renounce Religion


You were on level 5 of the Dungeon.
You worshipped Qazlal.
Qazlal was aware of your devotion.
You visited 1 branch of the dungeon, and saw 5 of its levels.

You collected 328 gold pieces.

Inventory:

Hand Weapons
 a - a +0 long sword
 n - a +0 scimitar (weapon)
Armour
 c - a +1 buckler (worn)
 e - a +0 chain mail (worn)
 m - a +0 plate armour
 q - a +0 helmet (worn)
 u - a +0 pair of gloves (worn)
Jewellery
 p - a ring of flight
 s - a +6 ring of strength (left hand)
Wands
 t - a wand of polymorph (5)
Scrolls
 b - a scroll of amnesia
 i - a scroll of blinking
 j - 2 scrolls of teleportation
 l - a scroll of brand weapon {unknown}
 r - a scroll of poison
 v - a scroll of fear
Potions
 d - a potion of might
 f - a potion of resistance
 g - 3 potions of brilliance
 k - a potion of haste {unknown}
 o - 2 potions of cancellation
 w - a potion of flight {unknown}


   Skills:
 + Level 4.6 Fighting
 * Level 4.3 Long Blades
 * Level 5.9 Armour
 + Level 2.1 Dodging
 * Level 5.9 Shields
 + Level 2.0 Invocations
 + Level 1.3 Evocations


You had 7 spell levels left.
You didn't know any spells.
Your spell library contained the following spells:

 Spells                   Type           Power      Damage    Failure   Level
 Kiss of Death            Conj/Necr      0%         2d5       95%         1
 Sandblast                Erth           0%         2d4       95%         1
 Sting                    Tmut/Pois      0%         1d3       95%         1
 Passwall                 Tmut/Erth      0%         N/A       99%         2
 Poisonous Vapours        Pois/Air       0%         N/A       99%         2
 Confusing Touch          Hex            0%         N/A       100%        3
 Dazzling Flash           Conj/Hex       0%         N/A       100%        3
 Ignite Poison            Fire/Tmut/Pois 0%         N/A       100%        3
 Kindle Blastsparks       Fire/Tloc/Air  0%         2d10      100%        3
 Ozocubu's Armour         Ice            0%         N/A       100%        3
 Stone Arrow              Conj/Erth      0%         3d7       100%        3
 Dispel Undead            Necr           0%         3d6       100%        4
 Iskenderun's Mystic Bla  Conj/Tloc      0%         2d3       100%        4
 Olgreb's Toxic Radiance  Pois           0%         N/A       100%        4
 Freezing Cloud           Conj/Ice/Air   0%         6-21      100%        5
 Starburst                Conj/Fire      0%         6d3       100%        6
 Ozocubu's Refrigeration  Ice            0%         4d7       100%        7


Dungeon Overview and Level Annotations

Branches:
Dungeon (5/15)
 Temple: D:4-7

Altars:
Dithmenos
Gozag
Hepliaklqana
Makhleb
Qazlal
Trog
Xom
Yredelemnul
The Shining One

Shops:
D:2 (


Innate Abilities, Weirdness & Mutations

You are immune to sickness and miasma.
Your stone body is resilient. (AC +5)
You are immune to poison.
You resist negative energy. (rN+)
You are resistant to electric shocks. (rElec)
You are resistant to unholy torment.
You are immune to petrification.


Message History

Something hits you but does no damage.
You barely miss the orc wizard. Something hits you but does no damage.
The orc priest mumbles some strange prayers to Beogh against you.
Beogh smites you!
Unknown command.
You hit something. You block the orc's attack. You block something's attack.
You block the orc's attack. The orc wizard barely misses you.
The orc barely misses you. The orc hits you but does no damage.
You hit the orc but do no damage.
The orc wizard hits you but does no damage.
The orc barely misses you. The orc hits you but does no damage.
The orc priest invokes the aid of Beogh against you.
Beogh smites you!
* * * LOW HITPOINT WARNING * * *
Unknown command.
You hit the orc.
The orc is severely wounded.
You block the orc wizard's attack. The orc closely misses you. x2
You hit the orc.
You kill the orc!
Qazlal accepts your kill.
The orc wizard is engulfed in freezing vapours.
You kill the orc wizard!
Qazlal accepts your kill. You block the orc's attack.
The orc priest mumbles some strange prayers to Beogh against you.
Pain shoots through your body!
* * * LOW HITPOINT WARNING * * *
Your Invocations skill increases to level 2!
It was a potion of cancellation.
You feel magically purged. You block the orc's attack.
The orc barely misses you. Something hits you but does no damage.
It was a potion of ambrosia.
You are confused.
You feel invigorated. The orc closely misses you.
The orc hits you but does no damage. x2; Something hits you but does no damage.
You barely miss the orc.
The orc priest mumbles some strange prayers to Beogh against you.
Beogh smites you!
You die...

######### ........#
........# ....$...#
......+ #...o# #..oo#
#..)@######### ####
#..o......#..## #..#
#.........#...# #...
#.........#...# #...
#.........#...# #...
#.........#'#######..
#.............#..##..
#.............'..####
#.............#..#...


You could see an orc priest and 3 orcs.

Vanquished Creatures
  A water moccasin (D:5)
  An ogre (D:5)
  3 phantoms
  Blork the orc (D:4)
  A bullfrog (D:5)
  A scorpion (D:5)
  A howler monkey (D:5)
  A jelly (D:4)
  2 hounds (D:4)
  An orc priest (D:4)
  An iguana (D:4)
  2 orc wizards (D:5)
  8 adders
  A shadow imp (D:5)
  3 dart slugs
  13 orcs
  6 endoplasms
  4 giant cockroaches
  9 hobgoblins
  4 jackals (D:4)
  2 quokkas
  8 ball pythons
  4 bats
  3 frilled lizards
  A goblin (D:3)
  8 kobolds
  6 rats
96 creatures vanquished.

Vanquished Creatures (others)
  An orc wizard (D:4)
1 creature vanquished.

Grand Total: 97 creatures vanquished

Notes
Turn   | Place    | Note
-------+----------+-------------------------------------------
     0 | D:1      | timneilson the Gargoyle Fighter began the quest for the
                  | Orb.
     0 | D:1      | Reached XP level 1. HP: 14/14 MP: 1/1
   180 | D:1      | Reached XP level 2. HP: 13/19 MP: 2/2
   828 | D:2      | Reached XP level 3. HP: 23/23 MP: 3/3
   945 | D:2      | Found Bagarch Kethri's Weapon Emporium.
  1346 | D:2      | Reached XP level 4. HP: 21/28 MP: 4/4
  1609 | D:3      | Found a faded altar of an unknown god.
  1840 | D:3      | Found a bloodstained altar of Trog.
  1840 | D:3      | Found a glowing golden altar of the Shining One.
  1841 | D:3      | Found an opulent altar of Gozag.
  1937 | D:3      | Found a shadowy altar of Dithmenos.
  2372 | D:4      | Noticed a phantom
  2402 | D:4      | Reached skill level 1 in Dodging
  2402 | D:4      | Reached XP level 5. HP: 28/33 MP: 5/5
  2414 | D:4      | Killed a phantom
  2500 | D:4      | Reached XP level 6. HP: 38/38 MP: 6/6
  2600 | D:4      | Noticed Blork the orc
  2606 | D:4      | Killed Blork the orc
  2778 | D:4      | Found a stormy altar of Qazlal.
  2796 | D:4      | Became a worshipper of Qazlal Stormbringer
  2868 | D:4      | Found a shimmering altar of Xom.
  2882 | D:4      | Found a hazy altar of Hepliaklqana.
  2883 | D:4      | Noticed a spectral ugly thing
  2957 | D:4      | Reached skill level 5 in Armour
  2957 | D:4      | Reached skill level 5 in Shields
  2982 | D:4      | Reached XP level 7. HP: 30/43 MP: 7/7
  3131 | D:4      | Reached skill level 1 in Invocations
  3319 | D:5      | Entered Level 5 of the Dungeon
  3624 | D:5      | Reached * piety under Qazlal
  3781 | D:5      | Found a burning altar of Makhleb.
  3820 | D:5      | Found a basalt altar of Yredelemnul.
  4197 | D:5      | Reached skill level 1 in Evocations
  4254 | D:5      | Reached XP level 8. HP: 47/48 MP: 9/9
  4403 | D:5      | Killed from afar by an orc priest

Illustrated notes

Levels and vault maps discovered:
D:1:      saegor_arrival_simple_c, layout_basic, st_stairs_9,
          serial_bayou_pond_a, chequers_hall_statues_wall_a, minmay_domino_2
D:2:      layout_loops_ring, serial_shops, nicolae_shop_bloodbath_and_beyond,
          grunt_decor_mini_mirrors
D:3:      layout_basic, nicolae_overflow_quartered_altars,
          basic_ecumenical_altar, item_on_display_a
D:4:      layout_loops_ring, regret_index_temple_of_mockery,
          lemuel_crystal_altar, uniq_blork_the_orc
D:5:      layout_gridville, yredelemnul_altar_generic,
          mainiacjoe_overflow_cross_hatched

Skill      XL: |  1  2  3  4  5  6  7  8 |
---------------+-------------------------+-----
Long Blades    | 2 3 4 |  4.3
Shields        | 4 5 |  5.9
Armour         | 4 5 |  5.9
Dodging        | 1 2 |  2.1
Fighting       | 4 |  4.6
Invocations    | 1 2 |  2.0
Evocations     | 1 |  1.3

Action                   |  1- 3 |  4- 6 |  7- 9 || total
-------------------------+-------+-------+-------++-------
Melee: Long sword        |   111 |   144 |       ||   255
       Scimitar          |       |    82 |   147 ||   229
  Use: Scroll            |     5 |     3 |     1 ||     9
       Potion            |       |     4 |     3 ||     7
Armor: Scale mail        |    18 |       |       ||    18
       Chain mail        |    34 |   168 |   111 ||   313
Dodge: Dodged            |    40 |   104 |    62 ||   206
Block: Buckler           |    31 |    74 |    51 ||   156

Table legend: (Time is in decaauts)
 A = Elapsed time spent in this place.
 B = Non-inter-level travel time spent in this place.
 C = Inter-level travel time spent in this place.
 D = Time resting spent in this place.
 E = Time spent auto-exploring this place.
 F = Levels seen in this place.
 G = Mean time per level.
                   A        B        C        D        E       F      G
               +--------+--------+--------+--------+--------+-----+--------+
         Total |   4539 |   4412 |    127 |      0 |   3372 |   5 |  907.8 |
       Dungeon |   4539 |   4412 |    127 |      0 |   3372 |   5 |  907.8 |
               +--------+--------+--------+--------+--------+-----+--------+

Top non-repeatable levels by time:
     D:5: 1111 daAuts
     D:4: 1038 daAuts
     D:3: 820 daAuts
     D:2: 815 daAuts
     D:1: 753 daAuts
